 Dungeon Crawl Stone Soup version 0.23-a0-839-g6d2b917 (console) character file.

53 Voker57 the Slasher (level 3, -1/28 HPs)
             Began as a Demonspawn Gladiator on Jan 25, 2019.
             Slain by a goblin
             ... wielding a +0 dagger of electrocution
              (2 damage)
             ... on level 2 of the Dungeon.
             The game lasted 00:02:03 (1244 turns).

Voker57 the Slasher (Demonspawn Gladiator)          Turns: 1244, Time: 00:02:03

Health: -1/28      AC:  4    Str: 14    XL:     3   Next: 62%
Magic:  3/3        EV: 13    Int:  9    God:
Gold:   83         SH:  0    Dex: 15    Spells: 2/2 levels left

rFire    . . .     SeeInvis .   a - +0 long sword
rCold    . . .     Gourm    .   (no shield)
rNeg     . . .     Faith    .   b - +0 leather armour
rPois    .         Spirit   .   c - +0 helmet
rElec    .         Reflect  .   (no cloak)
rCorr    .         Harm     .   (no gloves)
MR       .....                  (no boots)
Stlth    +.........             (no amulet)
HPRegen  0.09/turn              (no ring)
MPRegen  0.08/turn              (no ring)

@: no status effects
A: powered by pain 1
a: no special abilities


You were on level 2 of the Dungeon.
You were not hungry.

You visited 1 branch of the dungeon, and saw 2 of its levels.

You collected 83 gold pieces.

Inventory:

Hand Weapons
 a - a +0 long sword (weapon)
Missiles
 d - 3 throwing nets (quivered)
Armour
 b - a +0 leather armour (worn)
 c - a +0 helmet (worn)
Scrolls
 e - a scroll of enchant weapon {unknown}
 g - a scroll of random uselessness {unknown}
 h - a scroll of immolation {unknown}
 i - 2 scrolls of identify {unknown}
 j - a scroll of blinking {unknown}
 l - a scroll of amnesia {unknown}
 o - a scroll of remove curse {unknown}
Potions
 k - a potion of agility {unknown}
 n - a potion of cancellation {unknown}
Comestibles
 f - a ration
 m - 3 chunks of flesh


   Skills:
 + Level 2.5 Fighting
 * Level 3.5 Long Blades
 - Level 1.7 Throwing
 + Level 3.1 Dodging


You had 2 spell levels left.
You didn't know any spells.
Your spell library was empty.

Dungeon Overview and Level Annotations

Branches:
Dungeon (2/15)

Altars:

Annotations:
D:2 Sigmund


Innate Abilities, Weirdness & Mutations

You sometimes gain a little power by taking damage.


Message History

The goblin shouts!
You hear a shout!
You hear an angry hiss.
You barely miss the goblin. The goblin hits you with a +0 dagger.
The goblin hits you with a +0 dagger of electrocution.
You barely miss the goblin.
Sigmund the Dreaded comes into view.
He is wielding a +0 scythe.
A leopard gecko comes into view.
The goblin hits you with a +0 dagger. The goblin misses you.
You riposte.
You closely miss the goblin. The goblin hits you with a +0 dagger.
The leopard gecko moves out of view.
You closely miss the goblin. The goblin hits you but does no damage.
You are electrocuted!
* * * LOW HITPOINT WARNING * * *
The goblin misses you.
You riposte.
The leopard gecko hisses angrily.
You hit the goblin.
The goblin is moderately wounded.
Sigmund says, "Look into my eyes."
Sigmund barely misses you.
The goblin hits you with a +0 dagger of electrocution.
You die...

###########...#########
#...............
###..####.......##
#...÷## #.#######
#######.....# #.# ####
#........##.# #.#####...
...#####.###.###..##.†.##
....###.#........##.###
#...@..#........#..#
##.##g@#..........##
#.g#........###
#..#..........(
#..#...........
#..#........###.
l...##.####.# .##. #.#
#..# .. .. ... ....


You could see Sigmund, a leopard gecko and 2 goblins.

Vanquished Creatures
  An adder (D:2)
  A worm (D:2)
  2 dart slugs (D:1)
  2 leopard geckos (D:1)
  A ball python (D:2)
  A bat (D:1)
  A giant cockroach (D:1)
  3 goblins (D:1)
  5 hobgoblins (D:1)
  4 jackals (D:2)
  4 kobolds (D:1)
  2 frilled lizards
  5 rats (D:1)
32 creatures vanquished.

Notes
Turn   | Place    | Note
-------+----------+-------------------------------------------
     0 | D:1      | Voker57 the Demonspawn Gladiator began the quest for the
                  | Orb.
     0 | D:1      | Reached XP level 1. HP: 16/16 MP: 1/1
   381 | D:1      | Gained mutation: You sometimes gain a little power by
                  | taking damage. [demonic ancestry]
   381 | D:1      | Reached XP level 2. HP: 22/22 MP: 2/2
   870 | D:1      | Reached XP level 3. HP: 28/28 MP: 3/3
  1243 | D:2      | Noticed Sigmund
  1244 | D:2      | HP: 1/28 [goblin/+0 dagger of electrocution (11)]
  1244 | D:2      | Slain by a goblin

Vault maps used:
D:1:      sevenhm_arrival_forest_fort_large_2, minmay_misc_feat_ornament
D:2:      uniq_sigmund, uniq_robin

Skill      XL: |  1  2 |
---------------+-------+-----
Long Blades    | 3 |  3.5
Dodging        | 3 |  3.1
Fighting       | |  2.5
Throwing       | |  1.7

Action                   || total
-------------------------++-------
Melee: Long sword        ||    89
 Stab: Sleeping          ||     2
  Eat: Chunk             ||     1
Armor: Leather armour    ||    24
Dodge: Dodged            ||    74
       Rpst.: Long sword ||    26

Table legend:
 A = Non-vault XP
 B = Vault XP
 C = Vault XP percentage of total XP
 D = Non-vault monster count
 E = Vault monster count
 F = Vault count percentage of total count
                 A         B        C        D         E       F
            +---------+---------+-------+---------+---------+-------
      Total |      76 |       0 |   0.0 |      32 |       0 |   0.0
            +---------+---------+-------+---------+---------+-------
        D:1 |      47 |       0 |   0.0 |      24 |       0 |   0.0
        D:2 |      29 |       0 |   0.0 |       8 |       0 |   0.0
            +---------+---------+-------+---------+---------+-------
